 Dungeon Crawl Stone Soup version 0.31-a0-833-gc15d34cb79 (webtiles) character file.

Game seed: 14454477640849946963

750 subawu the Ruffian (level 7, -2/53 HPs)
             Began as a Gnoll Shapeshifter on Sept 25, 2023.
             Slain by a mummy (15 damage)
             ... in an ossuary.
             The game lasted 00:09:59 (3350 turns).

subawu the Ruffian (Gnoll Shapeshifter)             Turns: 3350, Time: 00:09:59

Health: -2/53      AC:  9    Str: 16    XL:     7   Next: 78%
Magic:  11/11      EV:  8    Int:  9    God:
Gold:   89         SH:  0    Dex: 11    Spells: 11/11 levels left

rFire   . .          .
                       - Unarmed
rCold   . . .        (shield currently unavailable)
rNeg    . . .        e - +0 chain mail
rPois   .            (no helmet)
rElec   .            (no cloak)
rCorr   .            (no gloves)
SInv    .            (no boots)
Will    .....        (no amulet) Stlth
                     (no ring)
HPRegen 0.28/turn    (no ring)
MPRegen 0.12/turn

%: no passive effects
@: flux-form, glowing
A: glow, contaminating, fangs 1, strong nose, distributed training
a: Begin Untransformation


You were in an ossuary.
You were something dangerously unstable.
You visited 1 branch of the dungeon, and saw 4 of its levels.
You also visited: Ossuary.

You collected 89 gold pieces.

Inventory:

Armour
 a - a +0 animal skin
 e - a +0 chain mail (worn)
Jewellery
 l - a +6 ring of intelligence
 o - a ring of flight
Talismans
 c - a beast talisman
 d - a flux talisman (active)
Wands
 k - a wand of polymorph (7)
Scrolls
 b - a scroll of brand weapon {unknown}
 f - 5 scrolls of identify {unknown}
 g - a scroll of teleportation {unknown}
 h - 2 scrolls of blinking {unknown}
 i - a scroll of noise {unknown}
 m - a scroll of vulnerability {unknown}
 s - a scroll of enchant weapon {unknown}
Potions
 j - a potion of attraction
 n - a potion of heal wounds {unknown}
 p - a potion of mutation {unknown}
 q - 2 potions of degeneration {unknown}
 r - a potion of resistance {unknown}


   Skills:
 + Level 3.8 Fighting
 + Level 2.7 Short Blades
 + Level 2.7 Long Blades
 + Level 2.7 Axes
 + Level 2.7 Maces & Flails
 + Level 2.7 Polearms
 + Level 2.7 Staves
 + Level 2.7 Ranged Weapons
 + Level 2.7 Throwing
 + Level 2.7 Armour
 + Level 5.4 Dodging
 + Level 2.7 Stealth
 + Level 2.7 Shields
 + Level 7.1 Unarmed Combat
 + Level 2.7 Spellcasting
 + Level 2.2 Conjurations
 + Level 2.2 Hexes
 + Level 2.2 Summonings
 + Level 2.2 Necromancy
 + Level 2.2 Translocations
 + Level 2.2 Transmutations
 + Level 2.2 Fire Magic
 + Level 2.2 Ice Magic
 + Level 2.2 Air Magic
 + Level 2.2 Earth Magic
 + Level 2.2 Poison Magic
 + Level 3.0 Invocations
 + Level 2.7 Evocations
 + Level 7.0 Shapeshifting


You had 11 spell levels left.
You didn't know any spells.
Your spell library contained the following spells:

 Spells                   Type           Power      Damage    Failure   Level
 Magic Dart               Conj           20%        1d4       83%         1
 Call Imp                 Summ           10%        N/A       92%         2
 Mephitic Cloud           Conj/Pois/Air  5%         N/A       99%         3


Dungeon Overview and Level Annotations

Branches:
Dungeon (4/15)            Ossuary (1/1)
 Temple: D:4-7

Altars:
Makhleb
Okawaru


Innate Abilities, Weirdness & Mutations

You are something dangerously unstable.
You glow with magical radiation, making you easy to see and hit.
Foes you strike become dangerously contaminated with magical radiation.
You are incapable of wielding weapons or throwing items.
You have very sharp teeth.
Your uncanny sense of smell can sniff out nearby items.
Your experience applies equally to all skills.


Message History

You feel very sick.
The scorpion stings you but does no damage.
You hit the scorpion but do no damage.
The scorpion glows dangerously bright.
You feel very sick. The scorpion closely misses you.
You hit the scorpion but do no damage.
The scorpion shudders as magic cascades through it!
The scorpion twists and deforms.
Your bite misses the scorpion.
The scorpion is severely wounded.
You feel very sick. The scorpion barely misses you.
You closely miss the scorpion.
The scorpion is severely wounded.
You feel sick. The scorpion closely misses you.
You hit the scorpion.
The scorpion begins to glow.
You bite the scorpion.
The scorpion is severely wounded.
You feel sick.
The scorpion stings you but does no damage.
You punch the scorpion!
You kill the scorpion!
You feel sick.
You feel sick.
Welcome back, subawu the Gnoll Shapeshifter.
Press ? for a list of commands and other information.
You start resting.
You feel sick. x5
You are no longer poisoned.
You start resting.
A mummy is nearby!
A mummy is nearby!
A mummy is nearby!
The mummy hits you!
* * * LOW HITPOINT WARNING * * *
You hit the mummy.
The mummy begins to glow.
You bite the mummy, but do no damage.
The mummy is lightly damaged.
You hit the mummy but do no damage.
The mummy glows dangerously bright.
The mummy is lightly damaged.
A human zombie comes into view.
The mummy hits you!
You die...

...8...#...'.....#.....#
...#...#...#.....#.....#
#'#######'###########'##
...#...#...#...#...#...#
...'...8...#...'...'...#
...#.......#...#...#...#
#####8...8###'##########
?.M#.......#...#...#MM?#
...#...8...#...8p..#s.!#
.!!#...#...#....M..#.!?#
#+###########8...8###'##
.....#.......#...
.....Z...8...'...
.....#...#...#...#
##################


You could see a mummy (heavy contam) and a human zombie (wandering).

Vanquished Creatures
  Blork the orc (D:4)
  5 scorpions (Ossuary)
  3 human zombies (Ossuary)
  An iguana (D:3)
  6 scorpion zombies (Ossuary)
  A mummy (Ossuary)
  Robin (D:3)
  2 adders
  An orc (D:3)
  10 bats
  5 endoplasms
  A giant cockroach (D:1)
  11 goblins
  4 hobgoblins
  4 kobolds
  4 quokkas
  7 ball pythons
  A frilled lizard (D:3)
  4 hobgoblin zombies (Ossuary)
  A kobold zombie (Ossuary)
  2 orc zombies (Ossuary)
  5 rats
80 creatures vanquished.

Notes
Turn   | Place    | Note
-------+----------+-------------------------------------------
     0 | D:1      | subawu the Gnoll Shapeshifter began the quest for the Orb.
     0 | D:1      | Reached XP level 1. HP: 17/17 MP: 1/1
   142 | D:1      | Reached XP level 2. HP: 23/23 MP: 2/2
   936 | D:2      | Reached XP level 3. HP: 28/28 MP: 3/3
  1326 | D:2      | Reached skill level 1 in Invocations
  1710 | D:3      | Reached skill level 1 in Short Blades
  1710 | D:3      | Reached skill level 1 in Long Blades
  1710 | D:3      | Reached skill level 1 in Axes
  1710 | D:3      | Reached skill level 1 in Maces & Flails
  1710 | D:3      | Reached skill level 1 in Polearms
  1710 | D:3      | Reached skill level 1 in Staves
  1710 | D:3      | Reached skill level 1 in Ranged Weapons
  1710 | D:3      | Reached skill level 1 in Throwing
  1710 | D:3      | Reached skill level 1 in Armour
  1710 | D:3      | Reached skill level 1 in Stealth
  1710 | D:3      | Reached skill level 1 in Shields
  1710 | D:3      | Reached skill level 1 in Spellcasting
  1710 | D:3      | Reached skill level 1 in Evocations
  1742 | D:3      | Reached XP level 4. HP: 26/34 MP: 5/5
  1787 | D:3      | Noticed Robin
  1804 | D:3      | Reached skill level 1 in Conjurations
  1804 | D:3      | Reached skill level 1 in Hexes
  1804 | D:3      | Reached skill level 1 in Summonings
  1804 | D:3      | Reached skill level 1 in Necromancy
  1804 | D:3      | Reached skill level 1 in Translocations
  1804 | D:3      | Reached skill level 1 in Transmutations
  1804 | D:3      | Reached skill level 1 in Fire Magic
  1804 | D:3      | Reached skill level 1 in Ice Magic
  1804 | D:3      | Reached skill level 1 in Air Magic
  1804 | D:3      | Reached skill level 1 in Earth Magic
  1804 | D:3      | Reached skill level 1 in Poison Magic
  1818 | D:3      | Killed Robin
  2069 | D:3      | Found an iron altar of Okawaru.
  2069 | D:3      | Found a burning altar of Makhleb.
  2259 | D:3      | Reached XP level 5. HP: 40/40 MP: 6/6
  2506 | D:4      | Noticed Blork the orc
  2506 | D:4      | Found a sand-covered staircase.
  2516 | D:4      | Killed Blork the orc
  2566 | Ossuary  | Entered an ossuary
  2671 | Ossuary  | Reached XP level 6. HP: 37/47 MP: 8/8
  2678 | Ossuary  | Reached skill level 5 in Dodging
  2860 | Ossuary  | Reached XP level 7. HP: 27/52 MP: 10/10
  3350 | Ossuary  | Slain by a mummy

Illustrated notes

Levels and vault maps discovered:
D:1:      dpeg_arrival_shelter, layout_basic, serial_rivers,
          chequers_serial_rivers_room_a, chequers_serial_rivers_micro_c,
          chequers_serial_rivers_micro_b, chequers_serial_rivers_micro_b
D:2:      minmay_angry_zag, layout_basic
D:3:      layout_rooms, gammafunk_temple_overflow_statue,
          hangedman_feature_mirror, minmay_misc_feat_doors, uniq_robin
D:4:      layout_loops_ring, mainiacjoe_overflow_boulevard, enter_ossuary_1,
          uniq_blork_the_orc
Ossuary:  ossuary_minmay_scorpions

Skill      XL: |  1  2  3  4  5  6  7 |
---------------+----------------------+-----
Invocations    | 1 2 3 |  3.0
Short Blades   | 1 2 |  2.7
Long Blades    | 1 2 |  2.7
Axes           | 1 2 |  2.7
Maces & Flails | 1 2 |  2.7
Polearms       | 1 2 |  2.7
Staves         | 1 2 |  2.7
Ranged Weapons | 1 2 |  2.7
Throwing       | 1 2 |  2.7
Armour         | 1 2 |  2.7
Stealth        | 1 2 |  2.7
Shields        | 1 2 |  2.7
Spellcasting   | 1 2 |  2.7
Evocations     | 1 2 |  2.7
Conjurations   | 1 2 |  2.2
Hexes          | 1 2 |  2.2
Summonings     | 1 2 |  2.2
Necromancy     | 1 2 |  2.2
Translocations | 1 2 |  2.2
Transmutations | 1 2 |  2.2
Fire Magic     | 1 2 |  2.2
Ice Magic      | 1 2 |  2.2
Air Magic      | 1 2 |  2.2
Earth Magic    | 1 2 |  2.2
Poison Magic   | 1 2 |  2.2
Fighting       | 3 |  3.8
Dodging        | 5 |  5.4
Unarmed Combat | 7 |  7.1
Shapeshifting  | 7 |  7.0

Action                     |  1- 3 |  4- 6 |  7- 9 || total
---------------------------+-------+-------+-------++-------
  Melee: Unarmed           |    82 |   106 |    59 ||   247
         Bite              |     6 |     7 |    12 ||    25
         Punch             |     2 |       |     2 ||     4
    Use: Potion            |       |     6 |       ||     6
   Stab: Invisible         |       |     1 |       ||     1
 Armour: Chain mail        |    90 |    87 |    47 ||   224
         Skin              |       |    97 |       ||    97
  Dodge: Dodged            |    53 |    53 |    22 ||   128
   Form: Flux              |       |       |     1 ||     1

Table legend: (Time is in decaauts)
 A = Elapsed time spent in this place.
 B = Non-inter-level travel time spent in this place.
 C = Inter-level travel time spent in this place.
 D = Time resting spent in this place.
 E = Time spent auto-exploring this place.
 F = Levels seen in this place.
 G = Mean time per level.
                   A        B        C        D        E       F      G
               +--------+--------+--------+--------+--------+-----+--------+
         Total |   3320 |   3230 |     90 |    794 |   1160 |   5 |  664.0 |
       Dungeon |   2551 |   2461 |     90 |    296 |   1138 |   4 |  637.8 |
       Ossuary |    769 |    769 |      0 |    498 |     22 |   1 |  769.0 |
               +--------+--------+--------+--------+--------+-----+--------+

Top non-repeatable levels by time:
     D:3: 847 daAuts
     D:2: 845 daAuts
     D:1: 799 daAuts
 Ossuary: 769 daAuts
     D:4: 58 daAuts
